 Dungeon Crawl Stone Soup version 0.13.1-2-gfb2c2b7 (webtiles) character file.

161 Lilouch the Poker (level 4, -3/34 HPs)
             Began as a Demonspawn Chaos Knight on Dec 11, 2013.
             Was a Plaything of Xom.
             Slain by an orc priest
             ... wielding a +2,+2 orcish hand axe
              (6 damage)
             ... on Level 4 of the Dungeon.
             The game lasted 00:05:21 (2034 turns).

Lilouch the Poker (Demonspawn Chaos Knight)         Turns: 2034, Time: 00:05:21

HP  -3/34        AC  8     Str 14      XL: 4   Next:  7%
MP   4/4         EV 10     Int 13      God: Xom
Gold 89          SH  0     Dex 12      Spells:  0 memorised,  3 levels left

Res.Fire  : . . .   See Invis. : .   a - +1,+0 spear (chaos) {=f}
Res.Cold  : + . .   Warding    : .   b - +2 leather armour
Life Prot.: . . .   Conserve   : .   (no shield)
Res.Poison: .       Res.Corr.  : .   (no helmet)
Res.Elec. : .       Clarity    : .   (no cloak)
Sust.Abil.: . .     Spirit.Shd : .   s - +0 pair of orc gloves
Res.Mut.  : .       Stasis     : .   (no boots)
Res.Rott. : .       Flight     : .   e - amulet of inaccuracy {unknown}
Saprovore : . . .                    (no ring)
                                     (no ring)

@: slightly resistant to hostile enchantments, fairly stealthy
A: cold resistance 1, nightstalker 1, AC +2
a: Renounce Religion


You were on level 4 of the Dungeon.
You worshipped Xom.
You were a plaything of Xom.
You were hungry.

You visited 1 branch of the dungeon, and saw 3 of its levels.

You collected 69 gold pieces.

Inventory:

Hand weapons
 a - a +1,+0 spear of chaos (weapon) {=f}
Missiles
 v - a throwing net (quivered)
Armour
 b - a +2 leather armour (worn)
 h - a +0 elven chain mail
 s - a +0 pair of orcish gloves (worn)
Comestibles
 c - 2 bread rations
 f - a choko
 n - 2 rotting chunks of goblin flesh
 o - a rotting chunk of jackal flesh
 p - a snozzcumber
 q - a pear
 r - a meat ration
 u - 2 chunks of jackal flesh
Scrolls
 d - a scroll of curse weapon {unknown}
 g - a scroll of enchant weapon I
 i - a scroll of teleportation {unknown}
 j - a scroll of identify
 k - 2 scrolls of amnesia {unknown}
Jewellery
 e - an amulet of inaccuracy (around neck) {unknown}
Potions
 l - a potion of confusion {unknown}
 t - 2 potions of slowing


   Skills:
 - Level 3.0 Fighting
 + Level 3.3 Polearms
 + Level 3.3 Armour
 - Level 0.8 Dodging


You had 3 spell levels left.
You didn't know any spells.

Dungeon Overview and Level Annotations

Branches:
Dungeon (4/27)
 Temple: D:4-7

Altars:
Xom
Yredelemnul
the Shining One


Innate Abilities, Weirdness & Mutations

You are partially covered in yellow scales (AC +2).
Your flesh is cold resistant.
You are slightly more attuned to the shadows.


Message History

The orc barely misses you. The wolf misses you.
You are too injured to fight recklessly!
You are too injured to fight recklessly!
You are too injured to fight recklessly!
You are too injured to fight recklessly!
You are too injured to fight recklessly!
Read which item? (? for menu, Esc to quit)
As you read the scroll labeled KLOAGE TRUU, it crumbles to dust.
Your +0,+0 spear of chaos {=f} glows green for a moment.
It was a scroll of enchant weapon I.
The wolf changes into an iguana!
The orc priest's eyes start to glow.
The orc closely misses you. The goblin skeleton closely misses you.
Read which item? (? for menu, Esc to quit)
As you read the scroll labeled ATUMUF UHEMECA, it crumbles to dust.
Use on which item? (\ to view known items) (? for menu, Esc to quit)
t - 2 potions of slowing It was a scroll of identify.
The orc priest hits you with an orcish hand axe.
You die...
Xom snickers!

....
#...<.#.
###.......
.........#
#.$.....#
#.......##
#..oo....#
#.ol@..#
#..##z.#
#. #..# #
#?.# ....
#..## #..#
#..


You could see an iguana shaped shifter, an orc priest, 2 orcs and a goblin
skeleton.

Vanquished Creatures
  2 adders (D:2)
  A giant gecko (D:2)
  An orc (D:4)
  3 giant cockroaches
  5 hobgoblins
  11 jackals (D:2)
  7 bats
  10 goblins
  5 kobolds
  10 rats
55 creatures vanquished.

Notes
Turn   | Place    | Note
--------------------------------------------------------------
     0 | D:1      | Lilouch, the Demonspawn Chaos Knight, began the quest for the Orb.
     0 | D:1      | Reached XP level 1. HP: 16/16 MP: 1/1
   136 | D:1      | XOM: harmless Erth miscast
   245 | D:1      | Gained mutation: You are slightly more attuned to the shadows. [demonic ancestry]
   245 | D:1      | Reached XP level 2. HP: 17/22 MP: 2/2
   497 | D:1      | XOM: silly message
   892 | D:1      | XOM: silly message
  1162 | D:2      | Gained mutation: You are partially covered in yellow scales (AC +2). [demonic ancestry]
  1162 | D:2      | Reached XP level 3. HP: 10/28 MP: 3/3
  1322 | D:1      | XOM: silly message
  1655 | D:2      | Found a glowing golden altar of the Shining One.
  1664 | D:2      | Found a basalt altar of Yredelemnul.
  1682 | D:2      | XOM: divination: magic mapping
  1753 | D:2      | XOM: swap monsters
  1947 | D:2      | XOM: noise
  1977 | D:2      | Gained mutation: Your flesh is cold resistant. [demonic ancestry]
  1977 | D:2      | Reached XP level 4. HP: 29/34 MP: 4/4
  1995 | D:2      | Found a shimmering altar of Xom.
  2018 | D:2      | You fall through a shaft!
  2031 | D:4      | Noticed a wolf
  2031 | D:4      | an orc wizard changed into a wolf
  2033 | D:4      | a wolf changed into an iguana
  2034 | D:4      | Slain by an orc priest

Action                   |  1- 3 |  4- 6 || total
-------------------------+-------+-------++-------
Melee: Spear             |   279 |    13 ||   292
  Use: Scroll            |       |     2 ||     2
 Stab: Paralysed         |    15 |       ||    15
       Sleeping          |     4 |       ||     4
       Petrifying        |     2 |     1 ||     3
       Confused          |     1 |       ||     1
